 Dungeon Crawl Stone Soup version 0.17.0-28-g6e173f8 (console) character file.

10815 Kloppie the Protected (level 11, -7/72 HPs)
             Began as a Gargoyle Fighter on Nov 24, 2015.
             Was a High Priest of Makhleb.
             Mangled by an ice beast (12 damage)
             ... summoned by an ice statue
             ... in an ice cave.
             The game lasted 00:24:27 (11151 turns).

Kloppie the Protected (Gargoyle Fighter)           Turns: 11151, Time: 00:24:27

Health: -7/72      AC: 28    Str: 20    XL:     11   Next: 68%
Magic:  12/12      EV:  9    Int:  9    God:    Makhleb [*****.]
Gold:   258        SH:  9    Dex: 12    Spells: 0 memorised, 10 levels left

rFire  . . .     SeeInvis .     a - +3 demon whip (flame)
rCold  . . .     Clarity  .     x - +2 chain mail {MR+}
rNeg   + . .     SustAt   .     c - +0 shield
rPois  ∞         Gourm    .     y - +1 helmet
rElec  +         Spirit   .     m - +2 cloak
rCorr  +         Warding  .     (no gloves)
rMut   .         Stasis   .     (no boots)
MR     +....                    G - amulet of resist corrosion
Stlth  ..........               C - +2 ring of evasion
                                E - +1 ring of evasion

@: somewhat resistant to hostile enchantments, extremely unstealthy
A: breathe flames 1, negative energy resistance 1, electricity resistance,
unbreathing, petrification resistance, rot immunity, AC +7
a: Minor Destruction, Lesser Servant of Makhleb, Major Destruction, Greater
Servant of Makhleb, Renounce Religion, Breathe Fire


You were in an ice cave.
You worshipped Makhleb.
Makhleb was extremely pleased with you.
You were not hungry.

You visited 3 branches of the dungeon, and saw 12 of its levels.
You also visited: Ice Cave.

You collected 475 gold pieces.
You spent 217 gold pieces at shops.

Inventory:

Hand Weapons
 a - a +3 demon whip of flaming (weapon)
 b - the +6 blowgun "Hyffuest" {speed, Dex+6}
   (You bought it in a shop on level 5 of the Dungeon)

   Attacks with this weapon are significantly faster.
   It affects your dexterity (+6).
 F - a +0 flail
Missiles
 p - 38 poisoned needles
 H - 5 curare-tipped needles
Armour
 c - a +0 shield (worn)
 m - a +2 cloak (worn)
 x - a +2 chain mail of magic resistance (worn)
 y - a +1 helmet (worn)
Jewellery
 i - an uncursed ring of sustain attributes
 r - an uncursed ring of protection from magic
 C - a +2 ring of evasion (right hand)
 E - a +1 ring of evasion (left hand)
 G - an amulet of resist corrosion (around neck)
Wands
 s - a wand of invisibility (0)
 D - a wand of random effects (37)
 I - a wand of magic darts (35)
Scrolls
 f - a scroll of recharging
 g - 6 scrolls of identify
 j - 5 scrolls of remove curse
 q - a scroll of fog
 t - 3 scrolls of amnesia
 u - 7 scrolls of teleportation
Potions
 d - a potion of agility
 k - a potion of mutation
 n - a potion of flight {unknown}
 o - 5 potions of curing
 v - a potion of haste
 w - 3 potions of brilliance
 A - a potion of invisibility
Comestibles
 e - 6 bread rations
 h - a slice of pizza
 l - a beef jerky
 z - 3 meat rations
 B - 9 fruits


   Skills:
 - Level 10.0 Fighting
 + Level 11.4 Maces & Flails
 - Level 12.3 Armour
 - Level 3.2 Shields
 + Level 1.5 Invocations


You had 10 spell levels left.
You didn't know any spells.

Dungeon Overview and Level Annotations

Branches:
Dungeon (10/15)            Temple (1/1) D:6            Lair (1/8) D:9
    Orc: D:9-12

Altars:
Ashenzari
Cheibriados
Dithmenos
Elyvilon
Fedhas
Gozag
Kikubaaqudgha
Makhleb
Nemelex Xobeh
Okawaru
Qazlal
Ru
Trog
Vehumet
Xom
Yredelemnul
Zin
The Shining One

Shops:
D:5 (   D:7 (

Annotations:
D:10 Maud IceCv exclusion: ice statue


Innate Abilities, Weirdness & Mutations

You are resistant to torment.
Your stone body is resilient (AC +7).
You are immune to poison.
You resist negative energy.
You are resistant to electric shocks.
You can survive without breathing.
You are immune to petrification.
You are immune to rotting.
You can breathe flames.


Message History

You are engulfed in freezing vapours.
The ice statue throws ice at you. The shard of ice hits you!
* * * LOW HITPOINT WARNING * * *
You hit the ice statue.
You melt the ice statue.
The ice statue is severely damaged.
You are engulfed in freezing vapours.
* * * LOW HITPOINT WARNING * * *
The ice beast hits you but does no damage. x2
The ice beast hits you but does no damage.
The ice statue throws cold at you.
The bolt of cold hits the ice beast.
The ice beast completely resists.
The bolt of cold hits you!
* * * LOW HITPOINT WARNING * * *
The ice beast closely misses you.
The ice beast hits you but does no damage.
You hit the ice beast but do no damage. The ice beast hits you.
* * * LOW HITPOINT WARNING * * *
The ice beast freezes you!
You die...

######## ##.#.@YY##
#####....##..##
##..∩##..####..#
#∩..####..###..#
#....# #..##...#
#...####...##.8.#
##..####...####...#
#...##...### #.###
#..##...## }#.


You could see 2 ice beasts.

Vanquished Creatures
  The ghost of Kloppie the Arsonist, a novice HEFE of Vehumet (D:9)
  Pikel (D:5)
  A hill giant (D:9)
  4 polar bears
  The ghost of CcS the Summoner, a novice TeSu of the Shining One (D:4)
  Prince Ribbit (D:5)
  A two-headed ogre (D:7)
  12 yaks
  A deep elf fighter (D:6)
  4 wolves
  A water moccasin (D:7)
  Duvessa (D:5)
  A trapdoor spider simulacrum (D:9)
  7 ice beasts
  2 sky beasts
  An orc warrior (D:5)
  A black bear (D:6)
  7 ogres
  3 centaurs
  2 phantoms
  A porcupine (Lair:1)
  A crocodile (D:7)
  Blork the orc (D:6)
  The ghost of mathias the Sneak, an amateur VSEn (D:3)
  6 giant frogs
  Dowan (D:5)
  A water moccasin zombie (D:7)
  A water moccasin skeleton (D:6)
  4 scorpions
  A vampire bat (D:5)
  4 electric eels (D:9)
  5 hounds
  A centaur skeleton (D:3)
  A centaur zombie (D:6)
  3 iguanas
  A quasit (D:10)
  6 crimson imps
  2 jellies
  4 orc priests
  11 orc wizards
  2 giant frog skeletons
  A gnoll shaman (D:9)
  Terence (D:2)
  6 worker ants
  A wasp simulacrum (D:9)
  A centaur simulacrum (D:9)
  2 killer bee zombies
  2 hound zombies (D:7)
  2 hound skeletons
  Robin (D:4)
  14 adders
  A killer bee simulacrum (D:9)
  6 gnolls
  13 river rats (Lair:1)
  3 shadow imps
  4 white imps
  3 oozes
  4 worms
  2 adder zombies (D:6)
  11 giant geckos
  39 orcs
  2 spectral bats (D:5)
  25 bats
  3 bat skeletons (D:5)
  A bat zombie (D:5)
  3 fire bats (D:5)
  4 giant cockroaches
  11 hobgoblins
  8 kobolds
  8 quokkas
  A bat simulacrum (D:5)
  2 giant gecko skeletons
  A giant gecko zombie (D:5)
  3 giant newts
  13 goblins
  20 jackals
  2 quokka skeletons
  A quokka zombie (D:5)
  8 rats
  5 fungi (D:9)
349 creatures vanquished.

Vanquished Creatures (others)
  A polar bear (IceCv)
  A shadow imp (D:5)
2 creatures vanquished.

Grand Total: 351 creatures vanquished

Notes
Turn   | Place    | Note
--------------------------------------------------------------
     0 | D:1      | Kloppie the Gargoyle Fighter began the quest for the Orb.
     0 | D:1      | Reached XP level 1. HP: 14/14 MP: 1/1
   337 | D:1      | Reached XP level 2. HP: 9/19 MP: 2/2
   741 | D:1      | Reached XP level 3. HP: 23/23 MP: 3/3
  1357 | D:2      | Reached skill level 4 in Fighting
  1493 | D:2      | Reached XP level 4. HP: 29/29 MP: 4/4
  1605 | D:2      | Noticed Terence
  1627 | D:2      | Killed Terence
  1742 | D:2      | Reached XP level 5. HP: 34/34 MP: 5/5
  2061 | D:3      | Noticed a phantom
  2093 | D:3      | Killed a phantom
  2207 | D:3      | Reached skill level 5 in Fighting
  2210 | D:3      | Noticed mathias's ghost (amateur VSEn)
  2214 | D:3      | Reached XP level 6. HP: 36/40 MP: 6/6
  2235 | D:3      | Killed mathias's ghost
  2552 | D:3      | Reached skill level 5 in Armour
  2730 | D:4      | Noticed CcS's ghost (novice TeSu)
  2949 | D:5      | Entered Level 5 of the Dungeon
  3105 | D:4      | Reached XP level 7. HP: 32/45 MP: 7/7
  3475 | D:4      | Noticed Robin
  3487 | D:4      | Killed Robin
  3487 | D:4      | Reached skill level 6 in Fighting
  3615 | D:4      | Reached skill level 5 in Maces & Flails
  3752 | D:4      | Found a glowing golden altar of the Shining One.
  4132 | D:5      | Reached XP level 8. HP: 45/52 MP: 8/8
  4215 | D:5      | Noticed Prince Ribbit
  4269 | D:5      | Killed Prince Ribbit
  4269 | D:5      | Reached skill level 7 in Fighting
  4311 | D:5      | Noticed Dowan
  4315 | D:5      | Noticed Duvessa
  4333 | D:5      | Killed Duvessa
  4339 | D:5      | Killed Dowan
  4581 | D:5      | Noticed Pikel
  4630 | D:5      | Killed Pikel
  4630 | D:5      | Reached skill level 8 in Fighting
  4630 | D:5      | Reached XP level 9. HP: 48/59 MP: 9/9
  4716 | D:5      | Found Rimetaps's Antique Weapon Emporium.
  4724 | D:5      | Bought a smoking blowgun for 217 gold pieces
  4724 | D:5      | Identified the +6 blowgun "Hyffuest" {speed, Dex+6} (You bought it in a shop on level 5 of the Dungeon)
  4978 | D:4      | Paralysed by CcS's ghost for 6 turns
  5092 | D:4      | Killed CcS's ghost
  5640 | D:5      | Found a shadowy altar of Dithmenos.
  5749 | D:6      | Noticed Blork the orc
  5763 | D:6      | Killed Blork the orc
  5792 | D:6      | Reached skill level 9 in Fighting
  5857 | D:6      | Found a staircase to the Ecumenical Temple.
  5918 | Temple   | Entered the Ecumenical Temple
  5960 | Temple   | Became a worshipper of Makhleb the Destroyer
  6377 | D:6      | Found a shattered altar of Ashenzari.
  6377 | D:6      | Found an iron altar of Okawaru.
  6435 | D:6      | Found a sacrificial altar of Ru.
  6469 | D:6      | Found a snail-covered altar of Cheibriados.
  6472 | D:6      | Found a radiant altar of Vehumet.
  6484 | D:6      | Reached XP level 10. HP: 60/66 MP: 10/10
  6893 | D:7      | Reached * piety under Makhleb
  6920 | D:7      | Found Susicw Muth's Weapon Shoppe.
  7433 | D:7      | Found a blossoming altar of Fedhas.
  7796 | D:7      | Reached skill level 10 in Fighting
  8067 | D:8      | Reached skill level 10 in Armour
  8086 | D:8      | Reached ** piety under Makhleb
  8480 | D:8      | Reached skill level 10 in Maces & Flails
  8731 | D:8      | Reached skill level 11 in Armour
  8856 | D:8      | Reached XP level 11. HP: 72/72 MP: 11/11
  9045 | D:9      | Found a staircase to the Lair.
  9082 | D:9      | Reached *** piety under Makhleb
  9167 | D:9      | Identified a scroll of acquirement
  9171 | D:9      | Gained mutation: You can breathe flames. [potion of beneficial mutation]
  9298 | D:9      | Found a stormy altar of Qazlal.
  9332 | D:9      | Found an ancient bone altar of Kikubaaqudgha.
  9540 | D:9      | Found a shimmering altar of Xom.
  9590 | D:9      | Reached **** piety under Makhleb
  9735 | D:9      | Noticed Kloppie's ghost (novice HEFE)
  9769 | D:9      | Killed Kloppie's ghost
  9958 | D:9      | Noticed a hill giant
  9984 | D:9      | Killed a hill giant
  9984 | D:9      | Reached skill level 12 in Armour
 10223 | D:10     | Entered Level 10 of the Dungeon
 10297 | D:10     | Noticed Maud
 10430 | Lair:1   | Entered Level 1 of the Lair of Beasts
 10525 | Lair:1   | Reached ***** piety under Makhleb
 10718 | Lair:1   | Found a frozen archway.
 10742 | IceCv    | Entered an ice cave
 10837 | IceCv    | Reached skill level 1 in Invocations
 11151 | IceCv    | Mangled by an ice beast

Action                   |  1- 3 |  4- 6 |  7- 9 | 10-12 || total
-------------------------+-------+-------+-------+-------++-------
Melee: Flail             |   155 |   241 |   657 |   525 ||  1578
       Demon whip        |       |       |       |   342 ||   342
 Fire: Blowgun           |       |       |     3 |     5 ||     8
Evoke: Wand              |       |       |       |     4 ||     4
  Use: Potion            |       |     1 |     1 |     2 ||     4
       Scroll            |       |       |    14 |     3 ||    17
  Eat: Chunk             |     2 |     4 |    10 |    15 ||    31
       Royal jelly       |       |     1 |       |       ||     1
       Fruit             |       |       |     2 |       ||     2
       Beef jerky        |       |       |       |     2 ||     2
